 Dungeon Crawl Stone Soup version 0.29-a0-982-gaed3a0c8d8 (webtiles) character file.

Game seed: 12215312285345400149

312 MisterAzrael the Conjurer (level 6, -3/32 HPs)
             Began as a Deep Elf Conjurer on Aug 2, 2022.
             Slain by a killer bee (5 damage)
             ... on level 4 of the Dungeon.
             The game lasted 00:04:23 (2576 turns).

MisterAzrael the Conjurer (Deep Elf Conjurer)       Turns: 2576, Time: 00:04:23

Health: -3/32      AC:  6    Str:  4    XL:     6   Next: 18%
Magic:  16/16      EV: 12    Int: 25    God:
Gold:   180        SH:  0    Dex: 13    Spells: 6/16 levels left

rFire   . . .      SeeInvis .   f - +1 dagger (freeze)
rCold   . . .      Faith    .   (no shield)
rNeg    . . .      Spirit   .   a - +0 robe
rPois   .          Reflect  .   (no helmet)
rElec   .          Harm     .   (no cloak)
rCorr   .          Rampage  .   (no gloves)
Will    .....                   (no boots)
Stlth   ++........              g - amulet of magic regeneration
HPRegen 0.10/turn               m - +4 ring of protection
MPRegen 0.55/turn               (no ring)

@: no status effects
A: no striking features
a: no special abilities


You were on level 4 of the Dungeon.
You visited 1 branch of the dungeon, and saw 4 of its levels.

You collected 180 gold pieces.

Inventory:

Hand Weapons
 f - a +1 dagger of freezing (weapon)
Armour
 a - a +0 robe (worn)
Jewellery
 g - an amulet of magic regeneration (around neck)
 m - a +4 ring of protection (left hand)
 s - a ring of flight
 u - a ring of see invisible
Scrolls
 d - 2 scrolls of enchant armour {unknown}
 e - 3 scrolls of teleportation {unknown}
 h - 4 scrolls of poison {unknown}
 j - 2 scrolls of torment {unknown}
 k - 3 scrolls of noise {unknown}
 p - a scroll of immolation {unknown}
 r - 2 scrolls of identify {unknown}
 t - a scroll of silence {unknown}
Potions
 b - 4 potions of magic
 c - a potion of mutation {unknown}
 i - a potion of cancellation {unknown}
 l - a potion of resistance {unknown}
 n - a potion of heal wounds {unknown}
 o - a potion of haste {unknown}
 q - 2 potions of attraction {unknown}


   Skills:
 - Level 2.4 Dodging
 - Level 2.4 Stealth
 + Level 5.7 Spellcasting
 + Level 6.0 Conjurations
 * Level 4.2 Hexes


You had 6 spell levels left.
You knew the following spells:

 Your Spells              Type           Power      Damage    Failure   Level
a - Magic Dart            Conj           100%       1d8       1%          1
b - Searing Ray           Conj           74%        2d7       1%          2
c - Tukima's Dance        Hex            28%        N/A       4%          3
d - Fulminant Prism       Conj/Hex       16%        3d11      10%         4

Your spell library contained the following spells:

 Spells                   Type           Power      Damage    Failure   Level
 Dazzling Flash           Conj/Hex       64%        N/A       2%          3
 Beastly Appendage        Tmut           14%        N/A       8%          1
 Wereblood                Tmut           7%         N/A       12%         2
 Spider Form              Tmut/Pois      7%         N/A       22%         3
 Iskenderun's Mystic Bla  Conj/Tloc      22%        2d6       22%         4
 Passage of Golubria      Tloc           7%         N/A       58%         4
 Yara's Violent Unravell  Hex/Tmut       8%         3d5       65%         5


Dungeon Overview and Level Annotations

Branches:
Dungeon (4/15)
 Temple: D:4-7

Altars:
Ashenzari
Zin

Shops:
D:2 !


Message History

(Press . to maintain the ray.)
The ogre hits you with a +0 giant club!!
Ouch! That really hurt!
* * * LOW HITPOINT WARNING * * *
The searing ray hits the ogre!
You kill the ogre!
Your Conjurations skill increases to level 6!
Your Hexes skill increases to level 4!
You have reached level 6!
You start resting.
Magic restored.
You start resting.
HP restored.
You open the door.
There is an open door here.
h - 4 scrolls labelled OSUDAYMIUBB (gained 1)
Found a stone staircase leading down.
There is a stone staircase leading down here. 2 killer bees come into view.
The killer bee buzzes angrily. x2; You hear an angry buzzing noise.
You hear an angry hiss.
A killer bee comes into view.
The killer bee attacks as you move away!
The killer bee barely misses you. The killer bee stings you.
The killer bee attacks as you move away!
The killer bee stings you. The killer bee barely misses you.
The killer bee stings you.
The killer bee attacks as you move away!
The killer bee closely misses you.
The killer bee attacks as you move away!
The killer bee stings you but does no damage.
The killer bee barely misses you. The killer bee stings you.
The killer bee barely misses you. The killer bee stings you.
There is a stone staircase leading down here.
A ball python comes into view.
The killer bee barely misses you. The killer bee stings you!
* * * LOW HITPOINT WARNING * * *
The killer bee attacks as you move away!
The killer bee misses you. The killer bee stings you.
You die...

#.#...............
#....##.##.....##.
#..###.# ##.#.##.#
##.#).. ..###...#
#.###.#.##.#.##.#
#...##.##.....##. #######
##...............
...S...###.#####.#######.
#..@.....## ........
#yy#####.# .######.
####..### # #. #.......#
#. #.##..#.# .. # #..#.#
#. #..# # .. ...?. ##
#y#####.


You could see 2 killer bees and a ball python (wandering).

Vanquished Creatures
  An ogre (D:4)
  A gnoll sergeant (D:4)
  2 orc wizards
  2 adders
  A worm (D:2)
  2 dart slugs (D:2)
  13 orcs
  7 ball pythons
  3 bats
  3 endoplasms (D:1)
  5 giant cockroaches
  11 goblins
  5 hobgoblins
  6 jackals
  3 quokkas
  4 frilled lizards (D:1)
  2 kobolds
  5 rats
76 creatures vanquished.

Vanquished Creatures (collateral kills)
  An orc (D:3)
1 creature vanquished.

Vanquished Creatures (others)
  A fulminant prism (D:4)
1 creature vanquished.

Grand Total: 78 creatures vanquished

Notes
Turn   | Place    | Note
-------+----------+-------------------------------------------
     0 | D:1      | MisterAzrael the Deep Elf Conjurer began the quest for the
                  | Orb.
     0 | D:1      | Reached XP level 1. HP: 10/10 MP: 6/6
   170 | D:1      | Reached XP level 2. HP: 15/15 MP: 5/8
   211 | D:1      | Learned a level 2 spell: Searing Ray
   534 | D:1      | Found a faded altar of an unknown god.
   653 | D:1      | Reached skill level 5 in Conjurations
   699 | D:1      | Reached XP level 3. HP: 19/19 MP: 6/10
   849 | D:2      | Found Juiraa's Distillery.
  1319 | D:3      | Reached XP level 4. HP: 24/24 MP: 9/12
  1323 | D:3      | Learned a level 3 spell: Tukima's Dance
  1328 | D:3      | Learned a level 4 spell: Fulminant Prism
  1427 | D:3      | Reached skill level 1 in Hexes
  1466 | D:3      | Found a broken altar of Ashenzari.
  1576 | D:3      | Reached skill level 5 in Spellcasting
  1608 | D:3      | Found a glowing silver altar of Zin.
  1942 | D:4      | Reached XP level 5. HP: 26/28 MP: 12/14
  2253 | D:4      | Noticed an ogre
  2268 | D:4      | Killed an ogre
  2269 | D:4      | Reached skill level 6 in Conjurations
  2269 | D:4      | Reached XP level 6. HP: 5/32 MP: 12/16
  2576 | D:4      | Slain by a killer bee

Illustrated notes

Levels and vault maps discovered:
D:1:      scummos_arrival_simple_crosswalls, layout_basic,
          hellmonk_ecumenical_altar_dog_temple
D:2:      layout_basic, serial_shops, shop
D:3:      layout_rooms, evilmike_ruin_ashenzari, mainiacjoe_overflow_chevrons
D:4:      layout_loops_corners, minmay_ruptured

Skill      XL: |  1  2  3  4  5 |
---------------+----------------+-----
Spellcasting   | 4 5 |  5.7
Conjurations   | 5 6 |  6.0
Hexes          | 2 4 |  4.2
Dodging        | |  2.4
Stealth        | |  2.4

Action                   |  1- 3 |  4- 6 || total
-------------------------+-------+-------++-------
Melee: Dagger            |       |     1 ||     1
 Cast: Magic Dart        |    82 |    36 ||   118
       Searing Ray       |       |     7 ||     7
       Tukima's Dance    |       |     2 ||     2
       Fulminant Prism   |       |     1 ||     1
Armor: Robe              |       |     9 ||     9
Dodge: Dodged            |     3 |    33 ||    36

Table legend: (Time is in decaauts)
 A = Elapsed time spent in this place.
 B = Non-inter-level travel time spent in this place.
 C = Inter-level travel time spent in this place.
 D = Time resting spent in this place.
 E = Time spent auto-exploring this place.
 F = Levels seen in this place.
 G = Mean time per level.
                   A        B        C        D        E       F      G
               +--------+--------+--------+--------+--------+-----+--------+
         Total |   2574 |   2532 |     42 |    524 |   1651 |   4 |  643.5 |
       Dungeon |   2574 |   2532 |     42 |    524 |   1651 |   4 |  643.5 |
               +--------+--------+--------+--------+--------+-----+--------+

Top non-repeatable levels by time:
     D:1: 824 daAuts
     D:4: 789 daAuts
     D:3: 514 daAuts
     D:2: 445 daAuts
